[ AOE2 MATCH · #483913331 ]
UnrankedTeutons vs Italians
Player's team · LOSS
[ REPLAY ANALYSIS · EXTRACTED FROM THE RECORDED GAME ]
Feudal
—
Castle
—
Imperial
—
| APM avg | 25.1 |
| APM peak | 84 |
| eAPM avg | 10.8 |
| Villagers / military | 22 / 0 |
Focus
⚔️ 14.7% · 🌾 85.3%
Feudal
8:30
Castle
—
Imperial
—
| APM avg | 37.8 |
| APM peak | 77 |
| eAPM avg | 19.6 |
| Villagers / military | 16 / 0 |
Focus
⚔️ 48.4% · 🌾 51.6%
Feudal
8:53
Castle
—
Imperial
—
| APM avg | 68.4 |
| APM peak | 90 |
| eAPM avg | 20.3 |
| Villagers / military | 26 / 0 |
Focus
⚔️ 23.1% · 🌾 76.9%
Feudal
8:56
Castle
—
Imperial
—
| APM avg | 32.4 |
| APM peak | 61 |
| eAPM avg | 10.4 |
| Villagers / military | 25 / 0 |
Focus
⚔️ 12.6% · 🌾 87.4%
Feudal
10:07
Castle
—
Imperial
—
| APM avg | 28.9 |
| APM peak | 51 |
| eAPM avg | 12.9 |
| Villagers / military | 26 / 0 |
Focus
⚔️ 28.3% · 🌾 71.7%
Feudal
8:17
Castle
—
Imperial
—
| APM avg | 51.5 |
| APM peak | 75 |
| eAPM avg | 17.7 |
| Villagers / military | 30 / 0 |
Focus
⚔️ 36.2% · 🌾 63.8%
Feudal
9:45
Castle
—
Imperial
—
| APM avg | 22.4 |
| APM peak | 50 |
| eAPM avg | 14.5 |
| Villagers / military | 21 / 0 |
Focus
⚔️ 37.3% · 🌾 62.7%
Feudal
8:47
Castle
—
Imperial
—
| APM avg | 22.1 |
| APM peak | 61 |
| eAPM avg | 9.5 |
| Villagers / military | 22 / 0 |
Focus
⚔️ 8.5% · 🌾 91.5%
Match map
Initial resources + every placement click. Lines = walls · curves = elevation contours. ◆ gold · ⬟ stone · ● berries · ✦ relic · ◌ wall gap
Your base
AM | Aparato de Golgi's base
Thomas Sankara's base
Æx◙ \oÌ ¡'s base
TdB. OJETE NICK's base
BF_Xin's base
Muelle En Charquito's base
PaLikaRi's base
Smoothed initial terrain · ◌ = detected wall gap · hover for details
Inputs per minute
— adrylaynez69 - - AM | Aparato de Golgi
Build order — adrylaynez69
35 actions detected in the replay
| 0:02 | Create | Villager (Male) |
| 0:02 | Create | Villager (Male) |
| 0:02 | Create | Villager (Male) |
| 0:02 | Create | Villager (Male) |
| 0:04 | Build | House |
| 0:06 | Build | House |
| 1:39 | Create | Villager (Male) |
| 1:56 | Create | Villager (Male) |
| 1:56 | Create | Villager (Male) |
| 2:23 | Create | Villager (Male) |
| 2:53 | Build | Lumber Camp |
| 2:56 | Create | Villager (Male) |
| 2:57 | Create | Villager (Male) |
| 3:45 | Create | Villager (Male) |
| 3:45 | Create | Villager (Male) |
| 3:45 | Create | Villager (Male) |
| 3:56 | Build | House |
| 4:00 | Build | House |
| 4:07 | Create | Villager (Male) |
| 5:33 | Create | Villager (Male) |
| 5:33 | Create | Villager (Male) |
| 5:34 | Create | Villager (Male) |
| 5:34 | Create | Villager (Male) |
| 5:45 | Create | Villager (Male) |
| 5:54 | Build | Mill |
| 6:09 | Create | Villager (Male) |
| 6:35 | Create | Villager (Male) |
| 6:42 | Build | Farm |
| 6:48 | Build | Farm |
| 6:53 | Build | Farm |
| 7:00 | Create | Villager (Male) |
| 7:46 | Build | Mining Camp |
| 8:22 | Research | Feudal Age |
| 10:16 | Build | House |
| 10:28 | Build | Farm |
Build order — AM | Aparato de Golgi
23 actions detected in the replay
| 0:02 | Create | Villager (Male) ×4 |
| 0:03 | Build | House |
| 0:20 | Build | House |
| 0:20 | Build | House |
| 1:40 | Create | Villager (Male) |
| 2:01 | Create | Villager (Male) |
| 2:14 | Create | Villager (Male) |
| 2:49 | Create | Villager (Male) |
| 3:21 | Create | Villager (Male) |
| 3:45 | Build | Lumber Camp |
| 3:48 | Create | Villager (Male) |
| 3:48 | Create | Villager (Male) |
| 4:11 | Create | Villager (Male) |
| 4:34 | Research | Loom |
| 5:01 | Create | Villager (Male) |
| 5:02 | Create | Villager (Male) |
| 5:05 | Create | Villager (Male) |
| 5:34 | Build | Mining Camp |
| 6:20 | Research | Feudal Age |
| 7:43 | Build | Barracks |
| 7:44 | Build | House |
| 7:55 | Create | Villager (Male) |
| 8:30 | Age | Feudal Age |
Build order — Thomas Sankara
41 actions detected in the replay
| 0:00 | Create | Villager (Male) |
| 0:02 | Build | House |
| 0:03 | Build | House |
| 0:09 | Create | Villager (Male) |
| 0:10 | Create | Villager (Male) |
| 0:10 | Create | Villager (Male) |
| 0:32 | Build | Palisade Gate |
| 0:34 | Build | Palisade Gate |
| 0:36 | Build | Palisade Gate |
| 0:38 | Build | Palisade Gate |
| 0:41 | Build | Palisade Gate |
| 1:37 | Create | Villager (Male) |
| 1:37 | Create | Villager (Male) |
| 1:54 | Create | Villager (Male) |
| 1:54 | Create | Villager (Male) |
| 2:24 | Create | Villager (Male) |
| 2:54 | Create | Villager (Male) |
| 2:54 | Create | Villager (Male) |
| 3:20 | Create | Villager (Male) |
| 3:55 | Create | Villager (Male) |
| 3:57 | Create | Villager (Male) |
| 4:02 | Create | Villager (Male) |
| 4:05 | Build | House |
| 4:37 | Create | Villager (Male) |
| 4:55 | Create | Villager (Male) |
| 5:02 | Create | Villager (Male) |
| 5:35 | Create | Villager (Male) |
| 6:00 | Build | Lumber Camp |
| 6:00 | Create | Villager (Male) |
| 6:18 | Create | Villager (Male) |
| 6:39 | Research | Feudal Age |
| 6:42 | Build | Mill |
| 7:26 | Build | House |
| 8:02 | Create | Villager (Male) |
| 8:17 | Build | Mining Camp |
| 8:53 | Age | Feudal Age |
| 8:55 | Create | Villager (Male) |
| 9:25 | Create | Villager (Male) |
| 10:06 | Create | Villager (Male) |
| 10:11 | Create | Villager (Male) |
| 10:21 | Research | Loom |
Build order — Æx◙ \oÌ ¡
37 actions detected in the replay
| 0:01 | Create | Villager (Male) |
| 0:02 | Create | Villager (Male) |
| 0:02 | Create | Villager (Male) |
| 0:05 | Build | House |
| 0:12 | Build | House |
| 0:13 | Build | House |
| 0:14 | Build | House |
| 0:20 | Build | Mill |
| 0:21 | Create | Villager (Male) |
| 1:45 | Create | Villager (Male) |
| 1:47 | Research | Loom |
| 2:18 | Create | Villager (Male) |
| 2:37 | Create | Villager (Male) |
| 2:38 | Create | Villager (Male) |
| 2:38 | Create | Villager (Male) |
| 3:16 | Create | Villager (Male) |
| 3:53 | Create | Villager (Male) |
| 4:38 | Create | Villager (Male) |
| 4:38 | Create | Villager (Male) |
| 4:47 | Create | Villager (Male) |
| 4:47 | Create | Villager (Male) |
| 5:15 | Create | Villager (Male) |
| 5:16 | Create | Villager (Male) |
| 5:16 | Create | Villager (Male) |
| 5:16 | Create | Villager (Male) |
| 5:17 | Create | Villager (Male) |
| 5:59 | Build | Lumber Camp |
| 6:31 | Research | Feudal Age |
| 8:01 | Create | Villager (Male) |
| 8:01 | Create | Villager (Male) |
| 8:01 | Create | Villager (Male) |
| 8:09 | Create | Villager (Male) |
| 8:14 | Build | House |
| 8:15 | Build | House |
| 8:16 | Build | House |
| 8:56 | Age | Feudal Age |
| 9:02 | Create | Villager (Male) |
Build order — TdB. OJETE NICK
56 actions detected in the replay
| 0:01 | Create | Villager (Male) |
| 0:01 | Create | Villager (Male) |
| 0:01 | Create | Villager (Male) |
| 0:03 | Build | House |
| 0:04 | Build | House |
| 1:02 | Build | Palisade Gate |
| 1:07 | Build | Palisade Gate |
| 1:11 | Create | Villager (Male) |
| 1:11 | Create | Villager (Male) |
| 1:24 | Build | Palisade Gate |
| 1:28 | Create | Villager (Male) |
| 1:29 | Create | Villager (Male) |
| 1:36 | Build | Palisade Wall |
| 1:37 | Build | Palisade Wall |
| 1:41 | Build | Palisade Wall |
| 1:45 | Build | Palisade Wall |
| 1:47 | Build | Palisade Wall |
| 1:50 | Build | Palisade Wall |
| 1:58 | Create | Villager (Male) |
| 2:29 | Create | Villager (Male) |
| 2:29 | Create | Villager (Male) |
| 2:55 | Create | Villager (Male) |
| 3:14 | Create | Villager (Male) |
| 3:14 | Create | Villager (Male) |
| 3:27 | Build | House |
| 3:28 | Build | House |
| 3:47 | Create | Villager (Male) |
| 3:47 | Create | Villager (Male) |
| 4:06 | Create | Villager (Male) |
| 4:06 | Create | Villager (Male) |
| 4:29 | Build | Mill |
| 4:33 | Create | Villager (Male) |
| 4:58 | Create | Villager (Male) |
| 5:27 | Create | Villager (Male) |
| 5:27 | Create | Villager (Male) |
| 5:27 | Create | Villager (Male) |
| 5:51 | Build | Lumber Camp |
| 6:15 | Create | Villager (Male) |
| 6:56 | Create | Villager (Male) |
| 7:23 | Create | Villager (Male) |
| 7:40 | Build | Farm |
| 7:44 | Build | Farm |
| 7:57 | Research | Feudal Age |
| 8:38 | Build | House |
| 8:40 | Build | House |
| 8:42 | Build | House |
| 8:47 | Research | Loom |
| 8:51 | Build | Mining Camp |
| 9:28 | Build | Palisade Wall |
| 9:30 | Build | Palisade Wall |
| 9:36 | Build | Palisade Wall |
| 9:37 | Build | Palisade Wall |
| 9:38 | Build | Palisade Wall |
| 10:07 | Age | Feudal Age |
| 10:24 | Build | Watch Tower |
| 10:30 | Create | Villager (Male) |
Build order — BF_Xin
44 actions detected in the replay
| 0:00 | Create | Villager (Male) |
| 0:01 | Create | Villager (Male) |
| 0:01 | Create | Villager (Male) |
| 0:02 | Build | House |
| 0:03 | Build | House |
| 0:09 | Create | Villager (Male) |
| 1:14 | Create | Villager (Male) |
| 1:52 | Create | Villager (Male) |
| 1:52 | Create | Villager (Male) |
| 2:26 | Create | Villager (Male) |
| 2:26 | Create | Villager (Male) |
| 2:31 | Create | Villager (Male) |
| 2:38 | Build | Lumber Camp |
| 2:52 | Create | Villager (Male) |
| 2:53 | Create | Villager (Male) |
| 3:12 | Create | Villager (Male) |
| 3:12 | Create | Villager (Male) |
| 3:24 | Build | House |
| 3:32 | Create | Villager (Male) |
| 3:51 | Create | Villager (Male) |
| 3:52 | Create | Villager (Male) |
| 3:54 | Create | Villager (Male) |
| 3:54 | Create | Villager (Male) |
| 4:39 | Create | Villager (Male) |
| 5:12 | Build | Mining Camp |
| 5:26 | Create | Villager (Male) |
| 5:26 | Create | Villager (Male) |
| 6:07 | Research | Feudal Age |
| 6:07 | Research | Feudal Age |
| 6:07 | Research | Feudal Age |
| 6:07 | Research | Feudal Age |
| 7:01 | Build | House |
| 7:29 | Research | Loom |
| 7:54 | Create | Villager (Male) |
| 8:17 | Age | Feudal Age |
| 8:21 | Build | Watch Tower |
| 8:28 | Create | Villager (Male) |
| 8:48 | Create | Villager (Male) |
| 8:48 | Create | Villager (Male) |
| 9:25 | Create | Villager (Male) |
| 9:25 | Create | Villager (Male) |
| 9:40 | Create | Villager (Male) |
| 9:40 | Create | Villager (Male) |
| 9:58 | Build | Watch Tower |
Build order — Muelle En Charquito
33 actions detected in the replay
| 0:01 | Create | Villager (Male) |
| 0:01 | Create | Villager (Male) |
| 0:02 | Create | Villager (Male) |
| 0:03 | Build | House |
| 0:06 | Build | House |
| 0:34 | Create | Villager (Male) |
| 0:34 | Create | Villager (Male) |
| 1:33 | Create | Villager (Male) |
| 1:51 | Create | Villager (Male) |
| 2:13 | Build | Lumber Camp |
| 2:29 | Create | Villager (Male) |
| 2:30 | Create | Villager (Male) |
| 2:39 | Create | Villager (Male) |
| 3:41 | Create | Villager (Male) |
| 4:01 | Build | House |
| 4:03 | Build | House |
| 4:13 | Create | Villager (Male) |
| 4:32 | Create | Villager (Male) |
| 5:04 | Build | Mill |
| 5:05 | Create | Villager (Male) |
| 5:07 | Create | Villager (Male) |
| 5:07 | Create | Villager (Male) |
| 5:07 | Create | Villager (Male) |
| 5:08 | Create | Villager (Male) |
| 5:48 | Create | Villager (Male) |
| 6:05 | Build | Mill |
| 7:13 | Build | Mining Camp |
| 7:35 | Research | Feudal Age |
| 8:00 | Create | Villager (Male) |
| 8:00 | Create | Villager (Male) |
| 9:45 | Age | Feudal Age |
| 9:53 | Build | Market |
| 9:59 | Build | Blacksmith |
Build order — PaLikaRi
35 actions detected in the replay
| 0:02 | Create | Villager (Male) |
| 0:02 | Create | Villager (Male) |
| 0:04 | Build | House |
| 0:05 | Build | House |
| 0:12 | Create | Villager (Male) |
| 0:12 | Create | Villager (Male) |
| 0:12 | Create | Villager (Male) |
| 1:26 | Create | Villager (Male) |
| 1:26 | Create | Villager (Male) |
| 1:48 | Create | Villager (Male) |
| 2:23 | Create | Villager (Male) |
| 2:24 | Create | Villager (Male) |
| 2:30 | Build | House |
| 2:50 | Create | Villager (Male) |
| 2:51 | Create | Villager (Male) |
| 3:24 | Create | Villager (Male) |
| 4:11 | Build | Mill |
| 4:18 | Create | Villager (Male) |
| 4:18 | Create | Villager (Male) |
| 4:31 | Create | Villager (Male) |
| 5:08 | Build | Lumber Camp |
| 5:15 | Build | House |
| 5:18 | Create | Villager (Male) |
| 5:33 | Create | Villager (Male) |
| 5:57 | Create | Villager (Male) |
| 6:43 | Research | Feudal Age |
| 6:44 | Create | Villager (Male) |
| 7:23 | Build | Barracks |
| 8:12 | Build | House |
| 8:41 | Create | Villager (Male) |
| 8:41 | Create | Villager (Male) |
| 8:47 | Age | Feudal Age |
| 8:50 | Build | Stable |
| 8:53 | Research | Double-Bit Axe |
| 9:18 | Build | House |
Match timeline
| 1:36 | TdB. OJETE NICK · wall_segment Palisade Wall x1 |
| 1:37 | TdB. OJETE NICK · wall_segment Palisade Wall x1 |
| 1:41 | TdB. OJETE NICK · wall_segment Palisade Wall x1 |
| 1:45 | TdB. OJETE NICK · wall_segment Palisade Wall x1 |
| 1:47 | TdB. OJETE NICK · wall_segment Palisade Wall x1 |
| 1:50 | TdB. OJETE NICK · wall_segment Palisade Wall x1 |
| 7:23 | PaLikaRi · first_building Barracks |
| 7:43 | AM | Aparato de Golgi · first_building Barracks |
| 8:17 | BF_Xin · age_up feudal |
| 8:30 | AM | Aparato de Golgi · age_up feudal |
| 8:47 | PaLikaRi · age_up feudal |
| 8:50 | PaLikaRi · first_building Stable |
| 8:53 | Thomas Sankara · age_up feudal |
| 8:56 | Æx◙ \oÌ ¡ · age_up feudal |
| 9:20 | AM | Aparato de Golgi · resign |
| 9:28 | TdB. OJETE NICK · wall_segment Palisade Wall x1 |
| 9:30 | TdB. OJETE NICK · wall_segment Palisade Wall x4 |
| 9:36 | TdB. OJETE NICK · wall_segment Palisade Wall x1 |
| 9:37 | TdB. OJETE NICK · wall_segment Palisade Wall x2 |
| 9:38 | TdB. OJETE NICK · wall_segment Palisade Wall x1 |
| 9:45 | Muelle En Charquito · age_up feudal |
| 10:07 | TdB. OJETE NICK · age_up feudal |
[ AI ANALYSIS · 1 CREDIT ]
What really happened in this match?
Wolo.gg analyzes every decision: build order, eco, micro, common mistakes by bracket. Personalized analysis on WhatsApp or Discord in 30 seconds.
Civ guide
Teutons
Perfil
Jugador #805416